 Dungeon Crawl Stone Soup version 0.21-a0-426-g98080a9 (webtiles) character file.

361 karf the Gusty (level 6, -6/32 HPs)
             Began as a Deep Elf Air Elementalist on Nov 5, 2017.
             Mangled by a gnoll sergeant
             ... wielding a +4 spear of piercing
              (10 damage)
             ... on level 8 of the Dungeon.
             The game lasted 00:13:25 (5671 turns).

karf the Gusty (Deep Elf Air Elementalist)          Turns: 5671, Time: 00:13:26

Health: -6/32      AC:  5    Str:  5    XL:     6   Next: 38%
Magic:  7/12       EV: 13    Int: 22    God:
Gold:   235        SH:  0    Dex: 15    Spells: 10/11 levels left

rFire    + . .     SeeInvis .   t - +3 quarterstaff (chaos)
rCold    x . .     Gourm    .   (shield currently unavailable)
rNeg     . . .     Faith    .   a - +0 robe
rPois    .         Spirit   .   (no helmet)
rElec    .         Reflect  .   u - +0 cloak
rCorr    .         Harm     .   A - +1 pair of gloves
MR       +....                  (no boots)
Stlth    ++........             (no amulet)
HPRegen  0.10/turn              e - ring of fire
MPRegen  0.13/turn              p - ring of protection from magic

@: no status effects
A: no striking features
a: no special abilities


You were on level 8 of the Dungeon.
You were not hungry.

You visited 1 branch of the dungeon, and saw 6 of its levels.

You collected 235 gold pieces.

Inventory:

Hand Weapons
 t - a +3 quarterstaff of chaos (weapon)
Missiles
 f - a throwing net (quivered)
Armour
 a - a +0 robe (worn)
 u - a +0 cloak (worn)
 A - a +1 pair of gloves (worn)
Jewellery
 e - a ring of fire (left hand)
 p - a ring of protection from magic (right hand)
Wands
 z - a wand of flame (36/48)
Scrolls
 l - a scroll of recharging
 m - a scroll of identify
 n - 3 scrolls of remove curse
Potions
 d - 2 potions of degeneration {unknown}
 o - a potion of might {unknown}
 q - a potion of curing
 s - 3 potions of cancellation {unknown}
 w - a potion of berserk rage {unknown}
 x - 3 potions of flight
Books
 b - a book of Air

   Spells                             Type                      Level
   a - Shock                          Conjuration/Air              1
   b - Swiftness                      Charms/Air                   2
   c - Static Discharge               Conjuration/Air              3
   d - Airstrike                      Air                          4
   e - Lightning Bolt                 Conjuration/Air              5
Comestibles
 c - 3 bread rations
 g - 5 royal jellies
 v - a meat ration


   Skills:
 - Level 2.4 Dodging
 - Level 2.4 Stealth
 - Level 3.0 Spellcasting
 + Level 4.1 Conjurations
 * Level 6.2 Air Magic


You had 10 spell levels left.
You knew the following spells:

 Your Spells              Type           Power        Failure   Level  Hunger
a - Shock                 Conj/Air       ####         1%          1    None


Dungeon Overview and Level Annotations

Branches:
Dungeon (5/15)
 Temple: D:4-7

Altars:
Cheibriados
Makhleb
Trog
Xom

Annotations:
D:4 p0werm0de's ghost, amateur GrCK


Message History

Casting: Shock
Confirm with . or Enter, or press ? or * to list all spells.
Aiming: Shock
Press: ? - help, Shift-Dir - straight line, f/p - gnoll sergeant
Aim: a gnoll sergeant, wielding a spear of piercing and wearing a ring mail (severely wounded)
The zap hits the gnoll sergeant.
The gnoll sergeant is almost dead.
The gnoll sergeant hits you from afar with a spear of piercing!
* * * LOW HITPOINT WARNING * * *
x2 A hippogriff comes into view.
Casting: Shock
Confirm with . or Enter, or press ? or * to list all spells.
Aiming: Shock
Press: ? - help, Shift-Dir - straight line, f/p - gnoll sergeant
Aim: a gnoll sergeant, wielding a spear of piercing and wearing a ring mail (almost dead)
The zap hits the gnoll sergeant.
The gnoll sergeant appears unharmed.
The gnoll sergeant is almost dead.
The hippogriff screeches!
The gnoll sergeant hits you from afar with a spear of piercing!
You die...

#.# # #.#
.######.##
ggg......#
.g.......# #..#
#..#
#..#############
#H..@.gg.g.g...#
#.############g#
#g# #.# #.# #.#
#.# #g#
#.####### #g#
#.......######.#
######.g.gg....#
#..########


You could see a hippogriff, a gnoll sergeant and 3 gnolls.

Vanquished Creatures
  Crazy Yiuf (D:3)
  A hound (D:5)
  An orc wizard (D:5)
  A gnoll shaman (D:4)
  2 worker ants (D:5)
  7 gnolls
  6 adders
  2 worms
  A dart slug (D:4)
  6 orcs
  3 giant cockroaches
  3 goblins
  9 hobgoblins
  2 jackals (D:2)
  3 quokkas
  3 ball pythons
  4 bats
  4 frilled lizards
  9 kobolds
  9 rats
77 creatures vanquished.

Notes
Turn   | Place    | Note
-------+----------+-------------------------------------------
     0 | D:1      | karf the Deep Elf Air Elementalist began the quest for the Orb.
     0 | D:1      | Reached XP level 1. HP: 10/10 MP: 6/6
   258 | D:1      | Reached XP level 2. HP: 15/15 MP: 2/8
  1115 | D:2      | Reached XP level 3. HP: 19/19 MP: 3/9
  1339 | D:2      | Reached skill level 4 in Air Magic
  2326 | D:3      | Found a snail-covered altar of Cheibriados.
  2326 | D:3      | Found a burning altar of Makhleb.
  2326 | D:3      | Found a shimmering altar of Xom.
  2326 | D:3      | Found a bloodstained altar of Trog.
  2376 | D:3      | Reached XP level 4. HP: 24/24 MP: 5/10
  2793 | D:3      | Found a runed door.
  2797 | D:3      | Noticed Crazy Yiuf
  2802 | D:3      | Killed Crazy Yiuf
  2802 | D:3      | Reached skill level 5 in Air Magic
  2802 | D:3      | Reached XP level 5. HP: 28/28 MP: 6/11
  4300 | D:4      | Noticed p0werm0de's ghost (amateur GrCK)
  4316 | D:5      | Entered Level 5 of the Dungeon
  4651 | D:5      | Reached XP level 6. HP: 21/32 MP: 6/12
  4655 | D:5      | Reached skill level 6 in Air Magic
  5500 | D:5      | Noticed an orc warrior
  5585 | D:5      | You fall through a shaft for 3 floors!
  5670 | D:8      | Noticed a hippogriff
  5671 | D:8      | Mangled by a gnoll sergeant

Vault maps used:
D:1:      elethiomel_arrival_infinity_welcomes_careful_drivers
D:2:      cheibrodos_gnoll_hut
D:3:      chequers_temple_overflow_statue_of_worship, first_bread,
          uniq_crazy_yiuf_cottage
D:8:      cheibrodos_shockbox, lair_entry_dummy, grunt_ogre_cave, uniq_joseph

Skill      XL: |  1  2  3  4  5  6 |
---------------+-------------------+-----
Conjurations   | 2 3 4 |  4.1
Air Magic      | 4 5 6 |  6.2
Dodging        | |  2.4
Stealth        | |  2.4
Spellcasting   | |  3.0

Action                   |  1- 3 |  4- 6 || total
-------------------------+-------+-------++-------
Melee: Quarterstaff      |       |    15 ||    15
 Cast: Shock             |    69 |   115 ||   184
  Use: Scroll            |       |     9 ||     9
       Potion            |       |     1 ||     1
  Eat: Chunk             |     4 |    10 ||    14
Armor: Robe              |       |     2 ||     2
Dodge: Dodged            |     6 |    25 ||    31

Table legend:
 A = Spawn XP
 B = Non-spawn XP
 C = Spawn XP percentage of total XP
 D = Spawn monster count
 E = Non-spawn monster count
 F = Spawn count percentage of total count
 G = Total turns spent on level
                    A         B        C        D         E        F      G
               +---------+---------+-------+---------+---------+-------+---------
         Total |       0 |     516 |   0.0 |       0 |      77 |   0.0 |  5671
               +---------+---------+-------+---------+---------+-------+---------
           D:1 |       0 |      30 |   0.0 |       0 |      20 |   0.0 |   954
           D:2 |       0 |      48 |   0.0 |       0 |      12 |   0.0 |  1372
           D:3 |       0 |     167 |   0.0 |       0 |      29 |   0.0 |  1684
           D:4 |       0 |      78 |   0.0 |       0 |       8 |   0.0 |   916
           D:5 |       0 |     193 |   0.0 |       0 |       8 |   0.0 |   659
               +---------+---------+-------+---------+---------+-------+---------
